 Dungeon Crawl Stone Soup version 0.26.1-11-gd32895ea62 (webtiles) character file.

Game seed: 11575338646932701715

142 Almogavar the Grasshopper (level 5, -6/43 HPs)
             Began as a Gnoll Wanderer on May 2, 2021.
             Mangled by a kobold
             ... wielding a +1 short sword of electrocution
              (12 damage)
             ... in a sewer.
             The game lasted 00:09:40 (3931 turns).

Almogavar the Grasshopper (Gnoll Wanderer)          Turns: 3931, Time: 00:09:41

Health: -6/43      AC: 14    Str: 19    XL:     5   Next: 24%
Magic:  9/9        EV:  9    Int:  9    God:
Gold:   218        SH: 10    Dex: 24    Spells: 9/10 levels left

rFire    . . .     SeeInvis .   p - +0 short sword
rCold    . . .     Faith    .   b - +0 kite shield
rNeg     . . .     Spirit   .   i - +4 ring mail
rPois    .         Reflect  .   e - +2 helmet "Viwah" {rCorr Str+4 Int-5 Dex+3}
rElec    .         Harm     .   (no cloak)
rCorr    +         Rampage  .   w - +1 pair of gloves
Will     .....                  (no boots)
Stlth    ++........             (no amulet)
HPRegen  0.14/turn              t - +6 ring of dexterity
MPRegen  0.11/turn              (no ring)

@: no status effects
A: distributed training, fangs 1, strong nose
a: no special abilities


You were in a sewer.
You visited 1 branch of the dungeon, and saw 4 of its levels.
You also visited: Sewer.

You collected 218 gold pieces.

Inventory:

Hand Weapons
 a - a +0 hand crossbow
 g - a +0 dagger
 p - a +0 short sword (weapon)
Missiles
 c - 11 bolts
Armour
 b - a +0 kite shield (worn)
 e - the +2 helmet "Viwah" (worn) {rCorr Str+4 Int-5 Dex+3}
   (You found it on level 4 of the Dungeon)

   It affects your strength (+4).
   It affects your intelligence (-5).
   It affects your dexterity (+3).
   It provides partial protection from all sources of acid and corrosion.
 i - a +4 ring mail (worn)
 w - a +1 pair of gloves (worn)
Jewellery
 t - a +6 ring of dexterity (left hand)
 u - a cursed amulet of inaccuracy {unknown}
Wands
 h - a wand of polymorph (7)
Scrolls
 f - a scroll of remove curse
 n - a scroll of teleportation
 s - a scroll of noise
Potions
 d - a potion of degeneration {unknown}
 j - a potion of ambrosia {unknown}
 k - a potion of berserk rage
 l - a potion of lignification {unknown}
 m - a potion of resistance {unknown}
 o - a potion of flight {unknown}
 q - a potion of curing
 r - a potion of brilliance {unknown}
 v - a potion of might {unknown}


   Skills:
 + Level 4.7 Fighting
 + Level 1.4 Short Blades
 + Level 1.4 Long Blades
 + Level 2.9 Axes
 + Level 1.4 Maces & Flails
 + Level 1.4 Polearms
 + Level 1.4 Staves
 + Level 1.4 Slings
 + Level 1.4 Bows
 + Level 1.4 Crossbows
 + Level 1.4 Throwing
 + Level 1.4 Armour
 + Level 1.4 Dodging
 + Level 1.4 Stealth
 + Level 2.9 Shields
 + Level 1.4 Unarmed Combat
 + Level 3.1 Spellcasting
 + Level 1.1 Conjurations
 + Level 1.1 Hexes
 + Level 1.1 Summonings
 + Level 1.1 Necromancy
 + Level 5.5 Translocations
 + Level 1.1 Transmutations
 + Level 1.1 Fire Magic
 + Level 1.1 Ice Magic
 + Level 1.1 Air Magic
 + Level 2.3 Earth Magic
 + Level 1.1 Poison Magic
 + Level 1.6 Invocations
 + Level 2.9 Evocations


You had 9 spell levels left.
You knew the following spells:

 Your Spells              Type           Power        Failure   Level
a - Apportation           Tloc           22%          26%         1

Your spell library contained the following spells:

 Spells                   Type           Power        Failure   Level
 Lesser Beckoning         Tloc           5%           58%         3


Dungeon Overview and Level Annotations

Branches:
Dungeon (4/15)              Sewer (1/1)
 Temple: D:4-7

Altars:
Beogh

Annotations:
D:3 3 runed translucent doors, manix's ghost, amateur DEFE


Innate Abilities, Weirdness & Mutations

Your experience applies equally to all skills.
You have very sharp teeth.
Your uncanny sense of smell can sniff out nearby items.


Message History

You are electrocuted!!
* * * LOW HITPOINT WARNING * * *
The big kobold hits you.
* * * LOW HITPOINT WARNING * * *
You barely miss the big kobold. Your bite misses the big kobold.
The big kobold is almost dead.
The kobold completely misses you. The kobold hits you but does no damage.
The big kobold hits you.
* * * LOW HITPOINT WARNING * * *
Unknown command.
You hit the big kobold but do no damage.
The big kobold is almost dead.
The kobold completely misses you. You block the big kobold's attack.
You block the kobold's attack. The kobold hits you but does no damage.
Unknown command.
You closely miss the big kobold.
The big kobold is almost dead.
The big kobold hits you but does no damage.
The kobold hits you but does no damage.
You are electrocuted!
You die...

#≈≈≈#.∩∩#
#≈≈≈'...#
#≈≈≈######
#≈≈≈#!..!#
∆#≈≈≈#.∩..#
#≈≈≈#..!!# ∆
∆#≈≈≈#..K.
#≈≈≈##'K##
#≈≈≈#..K@#
#≈≈≈#P.K.###
#≈≈≈≈≈≈....#
#≈≈≈≈≈P...##
#≈≈≈#P≈...#
#≈≈≈#≈≈....#
#≈≈≈#......#
≈≈≈≈≈#......#
≈≈≈≈≈≈#......#


You could see a big kobold and 3 kobolds.

Vanquished Creatures
  An orc wizard (D:4)
  A worker ant (D:4)
  2 adders
  2 oozes (D:1)
  2 worms
  A dart slug (D:1)
  4 orcs (D:4)
  A ball python (D:3)
  A giant cockroach (D:2)
  5 hobgoblins
  7 jackals
  5 kobolds
  A quokka (D:3)
  7 bats
  3 frilled lizards (D:1)
  4 goblins
  4 rats
51 creatures vanquished.

Notes
Turn   | Place    | Note
-------+----------+-------------------------------------------
     0 | D:1      | Almogavar the Gnoll Wanderer began the quest for the Orb.
     0 | D:1      | Almogavar set off with the following items: a +0 hand
                  | crossbow, a +0 kite shield, 22 bolts, a +0 robe; and the
                  | following spell memorised: Apportation; and the following
                  | spells available to memorise: Lesser Beckoning
     0 | D:1      | Reached XP level 1. HP: 20/20 MP: 4/4
   143 | D:1      | Reached XP level 2. HP: 26/26 MP: 5/5
   414 | D:1      | Reached XP level 3. HP: 14/31 MP: 7/7
  1647 | D:1      | Reached skill level 1 in Invocations
  2258 | D:2      | Reached skill level 1 in Short Blades
  2258 | D:2      | Reached skill level 1 in Long Blades
  2258 | D:2      | Reached skill level 1 in Maces & Flails
  2258 | D:2      | Reached skill level 1 in Polearms
  2258 | D:2      | Reached skill level 1 in Staves
  2258 | D:2      | Reached skill level 1 in Slings
  2258 | D:2      | Reached skill level 1 in Bows
  2258 | D:2      | Reached skill level 1 in Crossbows
  2258 | D:2      | Reached skill level 1 in Throwing
  2258 | D:2      | Reached skill level 1 in Armour
  2258 | D:2      | Reached skill level 1 in Dodging
  2258 | D:2      | Reached skill level 1 in Stealth
  2258 | D:2      | Reached skill level 1 in Unarmed Combat
  2258 | D:2      | Reached XP level 4. HP: 38/38 MP: 8/8
  3165 | D:3      | Found a runed translucent gate.
  3169 | D:3      | Found a runed translucent gate.
  3169 | D:3      | Noticed manix's ghost (amateur DEFE)
  3170 | D:3      | Found a runed translucent gate.
  3632 | D:3      | Found a roughly hewn altar of Beogh.
  3707 | D:4      | Got a glimmering helmet
  3713 | D:4      | Identified the +2 helmet "Viwah" {rCorr Str+4 Int-5 Dex+3}
                  | (You found it on level 4 of the Dungeon)
  3727 | D:4      | Reached skill level 1 in Conjurations
  3727 | D:4      | Reached skill level 1 in Hexes
  3727 | D:4      | Reached skill level 1 in Summonings
  3727 | D:4      | Reached skill level 1 in Necromancy
  3727 | D:4      | Reached skill level 1 in Transmutations
  3727 | D:4      | Reached skill level 1 in Fire Magic
  3727 | D:4      | Reached skill level 1 in Ice Magic
  3727 | D:4      | Reached skill level 1 in Air Magic
  3727 | D:4      | Reached skill level 1 in Poison Magic
  3752 | D:4      | Reached XP level 5. HP: 32/43 MP: 9/9
  3850 | D:4      | Found a glowing drain.
  3881 | Sewer    | Entered a sewer
  3902 | Sewer    | Noticed a big kobold
  3931 | Sewer    | Mangled by a kobold

Illustrated notes

Levels and vault maps discovered:
D:1:      dpeg_arrival_chambers_temple_mockup, layout_basic
D:2:      layout_rooms
D:3:      cheibrodos_helix_gallery, layout_loops_ring,
          biasface_ghost_orc_armoury
D:4:      layout_basic, kennysheep_mini, kennysheep_mini_moat, temple_doors_e,
          cheibrodos_sewer_entry_bend, minmay_pentangle
Sewer:    kennysheep_pipe_town

Skill      XL: |  1  2  3  4 |
---------------+-------------+-----
Earth Magic    | 2 |  2.3
Invocations    | 1 |  1.6
Short Blades   | 1 |  1.4
Long Blades    | 1 |  1.4
Maces & Flails | 1 |  1.4
Polearms       | 1 |  1.4
Staves         | 1 |  1.4
Slings         | 1 |  1.4
Bows           | 1 |  1.4
Crossbows      | 1 |  1.4
Throwing       | 1 |  1.4
Armour         | 1 |  1.4
Dodging        | 1 |  1.4
Stealth        | 1 |  1.4
Unarmed Combat | 1 |  1.4
Spellcasting   | 3 |  3.1
Conjurations   | 1 |  1.1
Hexes          | 1 |  1.1
Summonings     | 1 |  1.1
Necromancy     | 1 |  1.1
Transmutations | 1 |  1.1
Fire Magic     | 1 |  1.1
Ice Magic      | 1 |  1.1
Air Magic      | 1 |  1.1
Poison Magic   | 1 |  1.1
Fighting       | |  4.7
Axes           | |  2.9
Shields        | |  2.9
Translocations | |  5.5
Evocations     | |  2.9

Action                   |  1- 3 |  4- 6 || total
-------------------------+-------+-------++-------
Melee: Dagger            |    12 |       ||    12
       Short sword       |    50 |    93 ||   143
       Bite              |     6 |    12 ||    18
 Fire: Hand crossbow     |    68 |    27 ||    95
  Use: Potion            |     1 |       ||     1
       Scroll            |       |     9 ||     9
Armor: Robe              |    28 |     8 ||    36
       Ring mail         |       |    46 ||    46
Dodge: Dodged            |    40 |    52 ||    92
Block: Kite shield       |    58 |    69 ||   127
